Map: [ESL] Moondance

Players

RiSky

  • Race: Zerg Zerg
  • Spawn Location: 6:00

Probe - Winner!

  • Race: Protoss Protoss
  • Spawn Location: 12:00

Event: DreamHack SC2 Masters 2022 Atlanta (Online)

VOD

Have the link to the VOD?

Description

Time

  • Played on: Sept. 29, 2022, 6:33 a.m.
  • Length: 11:49

All games in this series

Show
View Real Time Build Order
Export as new Build Order

RiSky Zerg 

Build Orders: Hatch First 

Get SALT Encoding   

  12  0:02  Drone  
  13  0:13  Overlord  
  13  0:17  Drone  
  14  0:31  Drone x2  
  16  0:49  Hatchery  
  15  0:51  Drone  
  15  0:55  Drone  
  17  0:58  Drone  
  18  1:09  Extractor  
  17  1:13  Spawning Pool  
  17  1:18  Drone  
  17  1:20  Drone  
  18  1:28  Drone  
  19  1:40  Drone  
  20  1:50  Overlord  
  20  2:00  Queen x2  
  24  2:01  Zergling x4  
  26  2:12  Drone x2  
  26  2:13  Metabolic Boost  
  28  2:22  Drone  
  29  2:23  Drone  
  30  2:36  Hatchery  
  29  2:40  Drone  
  29  2:43  Drone  
  31  2:47  Queen  
  33  2:52  Overlord  
  33  2:56  Drone  
  33  2:57  Drone  
  35  3:00  Drone  
  36  3:13  Drone x2  
  36  3:16  Drone x2  
  36  3:17  Drone  
  41  3:20  Overlord  
  41  3:23  Queen  
  41  3:26  Drone  
  44  3:32  Overlord  
  44  3:37  Queen  
  47  3:41  Drone x4  
  47  3:42  Drone  
  51  3:48  Drone  
  51  3:49  Drone  
  51  3:50  Spore Crawler, Drone  
  53  3:57  Drone  
  53  3:58  Drone x2  
  53  4:01  Queen  
  57  4:09  Drone x2  
  60  4:10  Drone  
  60  4:11  Spore Crawler  
  60  4:13  Drone x2  
  61  4:19  Drone x3  
  61  4:21  Drone  
  61  4:24  Drone  
  66  4:26  Overlord  
  66  4:33  Overlord  
  66  4:37  Overlord  
  66  4:41  Lair  
  66  4:43  Roach Warren  
  66  4:44  Queen  
  67  4:46  Zergling x6  
  70  4:52  Overlord  
  70  4:55  Drone  
  70  4:58  Queen  
  70  4:59  Extractor  
  71  5:01  Extractor  
  71  5:03  Zergling x4  
  71  5:04  Overlord x2  
  72  5:08  Spore Crawler  
  70  5:30  Roach x11  
  70  5:33  Zergling x10  
  97  5:40  Zergling x4  
  97  5:42  Pneumatized Carapace  
  99  5:43  Zergling x6  
  102  5:51  Zergling x8  
  106  5:58  Overlord x3  
  106  6:04  Overlord  
  106  6:16  Queen x2  
  110  6:22  Overlord x2  
  110  6:23  Zergling x6  
  110  6:24  Queen, Ravager  
  110  6:25  Ravager x2  
  118  6:29  Zergling x6  
  119  6:35  Zergling x6  
  119  6:39  Overlord  
  122  6:44  Ravager x3  
  122  6:45  Zergling x12  
  126  7:01  Zergling x14  
  124  7:04  Ravager x2  
  118  7:11  Zergling x2  
  118  7:13  Ravager  
  118  7:19  Roach x2  
  120  7:25  Queen  
  120  7:26  Queen  
  120  7:31  Zergling x8  
  119  7:42  Hatchery  
  116  7:46  Zergling x6, Ravager x3  
  116  7:47  Zergling x4  
  123  7:55  Roach x3  
  127  8:01  Drone x2  
  127  8:02  Drone x2  
  131  8:08  Glial Reconstitution, Drone  
  131  8:11  Extractor x2  
  130  8:13  Extractor  
  129  8:24  Drone x2  
  123  8:40  Roach x8  
  136  8:41  Overlord  
  136  8:48  Overlord  
  136  8:51  Overlord  
  136  8:55  Roach x6  
  143  8:56  Overlord  
  137  9:06  Roach x6  
  149  9:15  Drone  
  150  9:17  Drone, Evolution Chamber  
  150  9:20  Drone  
  150  9:24  Drone x6  
  158  9:31  Drone x2  
  158  9:32  Drone  
  158  9:35  Baneling Nest  
  159  9:43  Drone x2  
  159  9:44  Drone x7  
  168  9:45  Spore Crawler  
  168  9:52  Drone  
  168  9:56  Drone x5  
  168  9:59  Drone x2  
  174  10:02  Drone  
  174  10:03  Baneling Nest  
  174  10:22  Zergling x2  
  174  10:23  Zergling x2  
  173  10:29  Centrifugal Hooks, Overlord x4  
  173  10:31  Infestation Pit  
  162  10:43  Drone  
  162  10:44  Drone x10, Overlord  
  165  10:54  Zergling x10  
  156  11:09  Zergling x18  
  163  11:15  Evolution Chamber  
  153  11:18  Hatchery  
  153  11:25  Zergling x16  
Show
View Real Time Build Order
Export as new Build Order

Probe Protoss - Winner!

Build Orders: 1 Gate Expand, Oracle Opening 

Get SALT Encoding   

  12  0:00  Probe  
  13  0:12  Probe  
  14  0:19  Pylon  
  14  0:24  Probe  
  15  0:37  Probe (Chrono Boost)  
  16  0:42  Gateway  
  16  0:44  Assimilator  
  16  0:48  Probe (Chrono Boost)  
  17  0:53  Probe (Chrono Boost)  
  18  1:04  Probe  
  19  1:16  Probe  
  20  1:23  Nexus  
  20  1:34  Cybernetics Core  
  20  1:36  Probe  
  21  1:42  Assimilator  
  21  1:48  Probe  
  21  1:54  Pylon  
  22  2:00  Probe (Chrono Boost)  
  23  2:12  Adept  
  23  2:13  Probe (Chrono Boost)  
  26  2:19  Probe (Chrono Boost)  
  26  2:20  Stargate  
  27  2:28  Probe (Chrono Boost)  
  28  2:31  Warp Gate  
  28  2:35  Probe (Chrono Boost)  
  29  2:40  Probe (Chrono Boost)  
  29  2:42  Adept  
  33  2:45  Probe (Chrono Boost)  
  33  2:46  Probe (Chrono Boost)  
  33  2:50  Probe (Chrono Boost)  
  34  2:54  Probe  
  36  3:01  Probe  
  36  3:05  Oracle (Chrono Boost)  
  37  3:06  Probe  
  37  3:10  Pylon  
  41  3:13  Probe  
  41  3:18  Probe  
  43  3:25  Probe  
  44  3:30  Probe  
  44  3:33  Oracle (Chrono Boost)  
  45  3:37  Probe  
  45  3:40  Nexus  
  49  3:42  Probe  
  49  3:46  Pylon  
  50  3:50  Probe  
  50  3:54  Probe  
  52  3:57  Twilight Council  
  52  4:02  Probe  
  53  4:06  Probe  
  53  4:08  Assimilator  
  54  4:11  Gateway  
  54  4:13  Gateway  
  54  4:14  Probe  
  55  4:18  Probe  
  55  4:21  Gateway  
  56  4:24  Stalker  
  56  4:25  Blink (Chrono Boost)  
  56  4:26  Probe  
  56  4:30  Probe  
  60  4:38  Forge, Probe  
  61  4:43  Probe  
  62  4:51  Pylon x2  
  62  4:52  Probe  
  63  4:54  Probe  
  63  4:55  Probe  
  65  5:04  Probe  
  65  5:05  Pylon  
  65  5:06  Probe, Stalker  
  69  5:07  Probe, Stalker x2  
  74  5:16  Probe  
  74  5:18  Probe  
  74  5:19  Stalker  
  78  5:22  Probe  
  77  5:30  Probe x2  
  77  5:33  Stalker x2  
  77  5:34  Stalker  
  83  5:36  Protoss Ground Weapons Level 1 (Chrono Boost)  
  83  5:37  Assimilator  
  83  5:38  Shield Battery  
  83  5:45  Forge  
  83  5:47  Nexus  
  83  5:58  Stalker x3  
  83  6:00  Probe x2  
  83  6:02  Probe  
  92  6:12  Probe x2  
  92  6:18  Protoss Ground Armor Level 1 (Chrono Boost)  
  94  6:20  Probe, Stalker  
  97  6:31  Stalker x2  
  101  6:39  Pylon x2  
  101  6:41  Pylon  
  101  6:42  Gateway  
  101  6:43  Gateway  
  101  6:44  Gateway  
  101  6:46  Gateway  
  101  6:48  Gateway x2  
  101  6:51  Nexus  
  101  6:58  Stalker x3  
  101  6:59  Stalker, Pylon  
  101  7:00  Pylon  
  109  7:01  Pylon  
  109  7:04  Shield Battery  
  109  7:09  Pylon  
  109  7:22  Stalker x4  
  117  7:28  Pylon  
  107  7:33  Stalker x2  
  111  7:44  Stalker x5  
  117  7:48  Pylon  
  117  7:50  Zealot x3  
  117  7:51  Protoss Ground Weapons Level 2 (Chrono Boost)  
  125  7:55  Cybernetics Core, Pylon  
  125  8:03  Shield Battery  
  123  8:05  Charge (Chrono Boost)  
  123  8:07  Stalker  
  123  8:08  Stalker x3  
  131  8:17  Zealot x5  
  131  8:18  Zealot  
  135  8:28  Templar Archives  
  135  8:33  Protoss Ground Armor Level 2 (Chrono Boost)  
  133  8:40  Stalker  
  133  8:41  Stalker x2  
  131  8:42  Zealot x7  
  139  8:59  Nexus  
  137  9:03  Pylon  
  137  9:06  High Templar x2  
  137  9:07  Zealot x4  
  149  9:11  Pylon  
  149  9:12  Archon, Pylon  
  149  9:14  Gateway  
  149  9:27  Shield Battery  
  149  9:28  Shield Battery  
  149  9:29  Probe x2  
  149  9:30  Probe  
  152  9:31  Photon Cannon  
  152  9:33  Shield Battery  
  152  9:35  High Templar x2  
  152  9:38  Adept  
  158  9:39  Archon  
  158  9:41  Probe  
  158  9:42  Probe x2  
  161  9:47  Robotics Facility  
  161  9:53  Probe  
  162  10:01  Zealot x6  
  162  10:03  Probe  
  175  10:14  Probe x3  
  177  10:15  Pylon  
  177  10:19  Robotics Facility  
  178  10:28  Zealot x7  
  180  10:29  Zealot  
  180  10:33  Probe x2  
  196  10:40  Immortal  
  194  10:52  High Templar x2  
  192  10:59  Zealot, Archon  
  192  11:00  Zealot x3  
  192  11:03  Probe x2  
  189  11:39  Nexus  
  181  11:45  Pylon  
Tags
 
Add a new tag
Caveats
  • Supply blocks, unpowered buildings, or Contaminate may cause inaccurate times.
  • Supply counts are checked every 10 seconds.